 Dungeon Crawl Stone Soup version 0.31.0-11-ge490571c62 (webtiles) character file.

Game seed: 2241713956168880016

62 qw the Shooter (level 3, -1/20 HPs)
             Began as a Deep Elf Hunter on Feb 4, 2024.
             Succumbed to their own poison gas
             ... on level 2 of the Dungeon.
             The game lasted 00:00:03 (1695 turns).

qw the Shooter (Deep Elf Hunter)                    Turns: 1695, Time: 00:00:05

Health: -1/20      AC:  3    Str: 10    XL:     3   Next: 85%
Magic:  5/5        EV: 12    Int: 13    God:
Gold:   82         SH:  0    Dex: 18    Spells: 2/2 levels left

rFire   . . .        a - +0 shortbow
rCold   . . .        (shield currently unavailable)
rNeg    . . .        c - +0 leather armour
rPois   .            (no helmet)
rElec   .            (no cloak)
rCorr   .            (no gloves)
SInv    .            (no boots)
Will    .....        (no amulet)
Stlth   ++           (no ring)
HPRegen 0.23/turn    (no ring)
MPRegen 0.09/turn

%: no passive effects
@: lethally poisoned (-1 -> -8)
A: no striking features
a: no special abilities


You were on level 2 of the Dungeon.
You visited 1 branch of the dungeon, and saw 2 of its levels.

You collected 82 gold pieces.


   Skills:
 - Level 1.5 Fighting
 + Level 7.3 Ranged Weapons
 - Level 2.4 Dodging
 - Level 1.2 Stealth


You had 2 spell levels left.
You didn't know any spells.
Your spell library was empty.

Inventory:

Hand Weapons
 a - a +0 shortbow (weapon)
Armour
 c - a +0 leather armour (worn)
Scrolls
 g - a scroll of teleportation
Potions
 d - a potion of mutation
 h - a potion of cancellation

Dungeon Overview and Level Annotations

Branches:
Dungeon (2/15)

Altars:
Xom


Message History

Done exploring.
1687 ||| READING scroll labelled HAHICO XETI.
Blink to where?
Press: ? - help, Dir - move target, f - you
As you read the scroll labelled HAHICO XETI, it crumbles to dust.
It was a scroll of blinking.
Done exploring.
1688 ||| READING 2 scrolls labelled XIAXEV GUM TUI.
The air fills with toxic fumes!
As you read the scroll labelled XIAXEV GUM TUI, it crumbles to dust.
It was a scroll of poison.
Done exploring.
1689 ||| DROPPING potion of attraction.
You drop a potion of attraction.
Done exploring.
1690 ||| DROPPING scroll of poison.
You drop a scroll of poison.
Done exploring.
What level of the Dungeon? (default 2, ? - help) Sorry, I don't know how to get there.
Enter note:
Enter note:
Enter note:
Enter note:
Enter note:
Enter note:
Enter note:
Enter note:
Enter note: You are engulfed in poison gas.
You are lethally poisoned!
You feel very sick.
1692 ||| Stepping ~*~*~tactically~*~*~ (cloud).
You feel very sick.
Things that are here:
a scroll of poison; a potion of attraction
There is a lethal amount of poison in your body!
You feel very sick.
There is a lethal amount of poison in your body!
You feel sick.
There is a lethal amount of poison in your body!
You die...

#.#############.#.........##.###
#.# #¤#.8.....8.##.#
#.########### #00..........#.#
#.#.........# #¤0..........#.#
#.#.#######.# #¤#..........#.#
#.#.# #.# #¤#...>......#.# #.#.#
#.# #0#..........#.# ##.#.# #.#
#0#.8.....8.##.# ##.#.# #.#
#@#.........##.# ##.#.# #.#
#¤########..##.# ##.#.# #.# #0#
##.##.# ##.#.# #.# #¤# #.##.#
##.#.# #.# #¤# #.##.# #<#.# #.#
#0# #.##.# #.#.# #.# #0# #.##.#
#.#.# #.# #.# #.##.# #.#.#
#.#############.##.#


There were no monsters in sight!

Vanquished Creatures
  2 adders (D:2)
  A dart slug (D:1)
  7 bats
  An endoplasm (D:1)
  2 goblins (D:2)
  6 hobgoblins
  4 jackals (D:1)
  3 kobolds
  5 ball pythons (D:1)
  4 frilled lizards
  5 rats
40 creatures vanquished.

Notes
Turn   | Place    | Note
-------+----------+-------------------------------------------
     0 | D:1      | qw the Deep Elf Hunter began the quest for the Orb.
     0 | D:1      | Reached XP level 1. HP: 12/12 MP: 3/3
     0 | D:1      | 0 ||| qw: Version: 0.3-a-160-g6735b56
     0 | D:1      | 0 ||| qw: Game counter: 5427
     0 | D:1      | 0 ||| qw: Melee chars always use a shield: true
     0 | D:1      | 0 ||| qw: God list: Okawaru
     0 | D:1      | 0 ||| qw: Allow faded altars: false
     0 | D:1      | 0 ||| qw: Do Orc after clearing Dungeon:15 true
     0 | D:1      | 0 ||| qw: Do second Lair branch before Depths: true
     0 | D:1      | 0 ||| qw: Lair rune preference: random
     0 | D:1      | 0 ||| qw: Goals: Normal
     0 | D:1      | 0 ||| PLANNING D:1-11
   160 | D:1      | Reached XP level 2. HP: 16/16 MP: 4/4
   171 | D:1      | Reached skill level 6 in Ranged Weapons
   903 | D:1      | 903 ||| READING 2 scrolls labelled VAYBETT BOGA.
   903 | D:1      | 903 ||| IDENTIFYING white potion
   904 | D:1      | 904 ||| READING scroll of identify.
   904 | D:1      | 904 ||| IDENTIFYING 2 blue potions
   905 | D:1      | 905 ||| READING 2 scrolls labelled JEAL NIXOGGUR.
   909 | D:1      | 909 ||| DROPPING scroll of butterflies.
   910 | D:1      | 910 ||| DROPPING 2 potions of lignification.
   945 | D:2      | 945 ||| STAIRDANCE
   959 | D:2      | Reached XP level 3. HP: 20/20 MP: 5/5
  1183 | D:2      | Reached skill level 7 in Ranged Weapons
  1320 | D:2      | Found a shimmering altar of Xom.
  1684 | D:2      | 1684 ||| READING 2 scrolls of identify.
  1684 | D:2      | 1684 ||| IDENTIFYING dark potion
  1685 | D:2      | 1685 ||| READING scroll of identify.
  1685 | D:2      | 1685 ||| IDENTIFYING fuming pink potion
  1686 | D:2      | 1686 ||| READING scroll labelled PEEGAP IRECE.
  1687 | D:2      | 1687 ||| READING scroll labelled HAHICO XETI.
  1688 | D:2      | 1688 ||| READING 2 scrolls labelled XIAXEV GUM TUI.
  1689 | D:2      | 1689 ||| DROPPING potion of attraction.
  1690 | D:2      | 1690 ||| DROPPING scroll of poison.
  1692 | D:2      | 1692 ||| Stepping ~*~*~tactically~*~*~ (cloud).
  1693 | D:2      | HP: 3/20 [poisoned by you (poison gas)]
  1694 | D:2      | HP: 1/20 [poisoned by you (poison gas)]
  1695 | D:2      | Succumbed to their own poison gas

Levels and vault maps discovered:
D:1:      sevenhm_arrival_forest_fort_large_4, layout_loops_ring,
          kennysheep_nondescript, minmay_misc_feat_rugged
D:2:      layout_basic, basic_altar, minmay_misc_feat_columns, st_stairs_1

Skill      XL: |  1  2  3 |
---------------+----------+-----
Ranged Weapons | 6 7 |  7.3
Fighting       | |  1.5
Dodging        | |  2.4
Stealth        | |  1.2

Action                     || total
---------------------------++-------
   Fire: Shortbow          ||   100
    Use: Scroll            ||     8
 Armour: Leather armour    ||    21
  Dodge: Dodged            ||    21

Table legend:
 A = Non-vault XP
 B = Vault XP
 C = Vault XP percentage of total XP
 D = Non-vault monster count
 E = Vault monster count
 F = Vault count percentage of total count
                 A         B        C        D         E       F
            +---------+---------+-------+---------+---------+-------
      Total |      88 |       1 |   1.1 |      39 |       1 |   2.5
            +---------+---------+-------+---------+---------+-------
        D:1 |      38 |       0 |   0.0 |      23 |       0 |   0.0
        D:2 |      50 |       1 |   2.0 |      16 |       1 |   5.9
            +---------+---------+-------+---------+---------+-------
